 Dungeon Crawl Stone Soup version 0.32-a0-960-g3814254bd7 (webtiles) character file.

Game seed: 10123827523107290133

311 retardedninja the Trooper (level 6, 0/76 HPs)
             Began as a Coglin Fighter on Apr 17, 2024.
             Slain by Edmund
             ... wielding a +2 dire flail of protection
              (11 damage)
             ... on level 4 of the Dungeon.
             The game lasted 00:07:33 (3570 turns).

retardedninja the Trooper (Coglin Fighter)          Turns: 3570, Time: 00:07:34

Health: 0/76       AC:  7    Str: 18    XL:     6   Next: 42%
Magic:  6/6        EV:  8    Int:  8    God:
Gold:   96         SH:  0    Dex: 13    Spells: 5/5 levels left

rFire   . . .        a - +0 war axe {Mei}
rCold   . . .        r - +0 war axe {Chinhae}
rNeg    . . .        b - +0 scale mail
rPois   .            (no helmet)
rElec   .            (no cloak)
rCorr   .            (no gloves)
SInv    .            (no boots)
Will    .....        (amulet unavailable) Stlth
                     (ring unavailable)
HPRegen 0.32/turn    (ring unavailable)
MPRegen 0.10/turn    (no gizmo)

%: no passive effects
@: berserking, revving, very quick
A: off-hand wielding, slow wielding, warmup strikes, no jewellery
a: Invent Gizmo


You were on level 4 of the Dungeon.
You visited 2 branches of the dungeon, and saw 5 of its levels.

You collected 96 gold pieces.

Inventory:

Hand Weapons
 a - a +0 war axe (weapon) {Mei}
 r - a +0 war axe (offhand) {Chinhae}
Armour
 b - a +0 scale mail (worn)
Talismans
 e - a granite talisman
Wands
 k - a wand of mindburst (3)
Scrolls
 f - a scroll of identify
 h - 3 scrolls of teleportation {unknown}
 i - 3 scrolls of noise {unknown}
 n - 2 scrolls of poison {unknown}
 q - a scroll of blinking {unknown}
 s - a scroll of revelation {unknown}
 u - a scroll of brand weapon {unknown}
 v - a scroll of enchant armour {unknown}
Potions
 c - 2 potions of brilliance {unknown}
 d - 2 potions of might
 g - 2 potions of cancellation
 j - a potion of attraction
 m - 2 potions of degeneration
 o - a potion of mutation
 t - a potion of ambrosia


   Skills:
 * Level 5.0 Fighting
 + Level 3.8 Axes
 + Level 4.0 Armour
 - Level 2.2 Shields


You had 5 spell levels left.
You didn't know any spells.
Your spell library contained the following spells:

 Spells                   Type           Power      Damage    Failure   Level
 Foxfire                  Conj/Fire      0%         2x1d4     78%         1
 Mercury Vapours          Alch/Air       0%         N/A       89%         2
 Sublimation of Blood     Necr           0%         N/A       89%         2
 Mephitic Cloud           Conj/Alch/Air  0%         N/A       98%         3
 Curse of Agony           Necr           0%         N/A       100%        5
 Freezing Cloud           Conj/Ice/Air   0%         6-21      100%        5
 Plasma Beam              Fire/Air       0%         2x1d10    100%        6
 Starburst                Conj/Fire      0%         6d3       100%        6
 Rimeblight               Ice/Necr       0%         2d3       (prima100%   7


Dungeon Overview and Level Annotations

Branches:
Dungeon (4/15)             Temple (1/1) D:4

Altars:
Ashenzari
Dithmenos
Elyvilon
Gozag
Kikubaaqudgha
Makhleb
Okawaru
Qazlal
Ru
Trog
The Shining One

Shops:
D:2 (*?(   D:3 *

Annotations:
D:4 Edmund


Innate Abilities, Weirdness & Mutations

You can wield a second weapon in your off-hand.
It takes a long time for you to wield or remove held weapons.
Your first few attacks do less damage.
You cannot equip rings or amulets.


Message History

Key pressed, stopping explore.
Key pressed, stopping explore.
Key pressed, stopping explore.
You enter the shallow water.
Moving in this stuff is going to be slow.
Key pressed, stopping explore.
Key pressed, stopping explore.
Key pressed, stopping explore.
Key pressed, stopping explore.
Edmund the Younger comes into view.
He is wielding a +2 dire flail of protection and carrying a wand of warping.
Edmund shouts!
Edmund zaps a wand.
Space twists violently!
The rupture engulfs you!
You hear an angry growl.
Edmund is nearby!
Edmund is nearby!
Edmund hits you with a +2 dire flail of protection.
You hit Edmund with your +0 war axe.
Edmund is lightly wounded.
You hit Edmund with your +0 war axe.
Edmund hits you with a +2 dire flail of protection!
You hit Edmund with your +0 war axe.
Edmund is moderately wounded.
You closely miss Edmund with your +0 war axe.
Edmund hits you with a +2 dire flail of protection.
You barely miss Edmund with your +0 war axe.
Edmund is moderately wounded.
You hit Edmund with your +0 war axe.
Edmund hits you with a +2 dire flail of protection! x2
* * * LOW HITPOINT WARNING * * *
You closely miss Edmund with your +0 war axe.
Edmund is moderately wounded.
You slash Edmund with your +0 war axe! Edmund barely misses you.
You feel better.
Edmund hits you with a +2 dire flail of protection!
* * * LOW HITPOINT WARNING * * *
A red film seems to cover your vision as you go berserk!
You feel yourself moving faster!
You feel mighty!
Edmund hits you with a +2 dire flail of protection!
You die...
Edmund says, "I'd like to see a scythe do that!"

# #.. #. #.. #.#
#.. #.. #.. #.#
#.. #.#
#..#######+
######.#
#...@......
....... #.#@#
#.#... #...#
#..... ###.##
####.. #..# ##.
##.#############..
#................
###########......
##..... #.##..


You could see Edmund.

Vanquished Creatures
  An ogre (D:4)
  A scorpion (D:4)
  10 adders
  3 dart slugs
  2 ribbon worms
  6 bats
  4 endoplasms (D:2)
  5 giant cockroaches
  4 goblins
  7 hobgoblins
  4 quokkas
  5 ball pythons
  3 frilled lizards
  13 kobolds
  5 rats
73 creatures vanquished.

Notes
Turn   | Place    | Note
-------+----------+-------------------------------------------
     0 | D:1      | retardedninja the Coglin Fighter began the quest for the
                  | Orb.
     0 | D:1      | Reached XP level 1. HP: 18/18 MP: 1/1
   189 | D:1      | Reached XP level 2. HP: 24/24 MP: 2/2
   232 | D:1      | Found a faded altar of an unknown god.
   486 | D:1      | Reached XP level 3. HP: 22/29 MP: 3/3
  1252 | D:2      | Found Desy's Weapon Boutique.
  1383 | D:2      | Found Plog's Assorted Antiques.
  1507 | D:2      | Reached XP level 4. HP: 37/37 MP: 4/4
  1563 | D:2      | Found Pudyogg's Magic Scroll Shop.
  2050 | D:2      | Found Astrasad's Antique Weapon Emporium.
  2111 | D:3      | Found Duzom's General Store.
  2144 | D:3      | Reached skill level 4 in Fighting
  2217 | D:3      | Reached XP level 5. HP: 34/42 MP: 5/5
  2764 | D:4      | Found a staircase to the Ecumenical Temple.
  2806 | Temple   | Entered the Ecumenical Temple
  2890 | D:4      | Noticed an ogre
  2895 | D:4      | Killed an ogre
  2896 | D:4      | Reached XP level 6. HP: 23/50 MP: 6/6
  3249 | D:4      | Identified the +7 sling "Gobeur" {heavy, rN+ Int+3}
  3295 | D:4      | Reached skill level 5 in Fighting
  3558 | D:4      | Noticed Edmund
  3570 | D:4      | Slain by Edmund

Illustrated notes

Levels and vault maps discovered:
D:1:      roadster_arrival_rocket_small, layout_basic,
          ebering_ecumenical_altar_petrified, minivault_4, nrook_uturn,
          minivault_5, hangedman_abyss_or_decor_lesser_grid,
          lexackson_kobold_supper
D:2:      minmay_diamond_boxcup, layout_basic, serial_shops, shop,
          nicolae_shop_real_fake_doors, nicolae_shop_behind_doors,
          nicolae_shop_back_alley_shop
D:3:      layout_rooms, serial_shops, nicolae_shop_stone, skrybe_limestone_x,
          nicolae_half_adder
D:4:      layout_cave_pools, minmay_temple_entry_overgrown, minmay_door_square,
          chequers_big_river, uniq_edmund
Temple:   grunt_temple_mini_profane

Skill      XL: |  1  2  3  4  5  6 |
---------------+-------------------+-----
Armour         | 3 4 |  4.0
Axes           | 3 |  3.8
Fighting       | 4 5 |  5.0
Shields        | |  2.2

Action                     |  1- 3 |  4- 6 || total
---------------------------+-------+-------++-------
  Melee: War axe           |    64 |   114 ||   178
         Short sword       |    50 |       ||    50
         Mace              |       |    37 ||    37
    Use: Scroll            |       |     7 ||     7
         Potion            |       |     5 ||     5
 Armour: Scale mail        |    74 |    72 ||   146
  Dodge: Dodged            |    41 |    38 ||    79
  Block: Buckler           |     3 |       ||     3
         Form:             |     1 |       ||     1
         Statue            |     1 |       ||     1

Table legend: (Time is in decaauts)
 A = Elapsed time spent in this place.
 B = Non-inter-level travel time spent in this place.
 C = Inter-level travel time spent in this place.
 D = Time resting spent in this place.
 E = Time spent auto-exploring this place.
 F = Levels seen in this place.
 G = Mean time per level.
                   A        B        C        D        E       F      G
               +--------+--------+--------+--------+--------+-----+--------+
         Total |   3675 |   3560 |    115 |    222 |   2560 |   5 |  735.0 |
       Dungeon |   3662 |   3547 |    115 |    222 |   2549 |   4 |  915.5 |
        Temple |     12 |     12 |      0 |      0 |     11 |   1 |   12.0 |
               +--------+--------+--------+--------+--------+-----+--------+

Top non-repeatable levels by time:
     D:1: 1222 daAuts
     D:2: 946 daAuts
     D:4: 836 daAuts
     D:3: 657 daAuts
  Temple: 12 daAuts
